 Dungeon Crawl Stone Soup version 0.14-a0-1576-gf4c5cb9 (webtiles) character file.

240434 PolkaDot the Maledictor (level 19, 0/108 HPs)
             Began as a Vampire Enchanter on Dec 21, 2013.
             Was the Champion of Ashenzari.
             Killed from afar by a hell hog (10 damage)
             ... with a sticky flame
             ... on Level 1 of the Abyss on Dec 22, 2013.
             The game lasted 04:52:35 (46849 turns).

PolkaDot the Maledictor (Vampire Enchanter)        Turns: 46849, Time: 04:52:36

HP   0/108       AC  0     Str  2      XL: 19   Next:  0%
MP  36/38        EV 43     Int 18      God: Ashenzari [******]
Gold 1836        SH  0     Dex 28      Spells: 12 memorised,  2 levels left

rFire  . . .     SeeInvis +     t - melded +3,+5 dagger (protect) (curse)
rCold  + + .     Clarity  +     b - melded +1 robe (curse)
rNeg   + + +     Conserve .     P - melded +0 buckler (curse)
rPois  +         rCorr    +     (helmet currently unavailable)
rElec  .         rRot     +     r - melded +0 cloak (curse)
SustAb . .       Spirit   .     G - melded +2 pair of gloves "Koschu Ghir" {rElec Stlth+}
rMut   .         Warding  .     a - melded +0 pair of boots {Stlth+} (curse)
Saprov . . .     Stasis   .     I - cursed amulet of resist corrosion
                                L - melded cursed +3 ring of evasion
                                h - melded cursed +3 ring of intelligence

@: bat-form, overloaded, liquid flames, non-regenerating, about to teleport,
agile, flying, glowing, quick, quite resistant to hostile enchantments, fairly
stealthy
A: bottle blood, (fangs 0), rough black scales 1, see invisible, frail 1, (wild
magic 0), (unbreathing)
a: Bottle Blood, End Transformation, Scrying, Transfer Knowledge, Renounce
Religion
}: 1/15 runes: decaying


You were on level 1 of the Abyss.
You worshipped Ashenzari.
Ashenzari was exalted by your worship.
You were overloaded with stuff.
You were bloodless.
You were in vampire bat-form.
You visited 6 branches of the dungeon, and saw 35 of its levels.
You visited the Abyss 1 time.

You collected 3348 gold pieces.
You spent 1512 gold pieces at shops.

Inventory:

Hand weapons
 t - a cursed +3,+5 dagger of protection (melded)
Armour
 a - a cursed +0 pair of boots of stealth (melded)
 b - a cursed +1 robe (melded)
 r - a cursed +0 cloak (melded)
 F - a +1 robe of fire resistance
 G - the cursed +2 pair of gloves "Koschu Ghir" (melded) {rElec Stlth+}
   (You found it on level 6 of the Lair of Beasts)

   It insulates you from electricity.
   It makes you much more stealthy.
   It has a curse placed upon it.
 P - a cursed +0 buckler (melded)
Magical devices
 g - a wand of disintegration (16)
 w - a wand of disintegration (5)
 A - a wand of heal wounds (0)
 C - a wand of teleportation (3)
Scrolls
 c - 2 scrolls of blinking
 e - a scroll of identify
 i - 3 scrolls of fog
 k - 3 scrolls of remove curse
 s - 2 scrolls of fear
 u - a scroll of amnesia
 x - 2 scrolls of recharging
 y - a scroll of curse armour
 z - 2 scrolls of enchant armour
 D - a scroll of enchant weapon I
 E - a scroll of enchant weapon II
 J - 3 scrolls of immolation
Jewellery
 f - the ring "Kiujizock" {Wiz rPois Dam-3}
   (You found it on level 1 of the Vaults)

   [ring of wizardry]

   It affects your damage-dealing abilities (-3).
   It protects you from poison.
 h - a cursed +3 ring of intelligence (melded)
 H - an uncursed ring of sustain abilities
 I - a cursed amulet of resist corrosion (around neck)
 L - a cursed +3 ring of evasion (melded)
Potions
 j - 6 potions of heal wounds
 l - 5 potions of brilliance
 m - 3 potions of speed
 n - a potion of curing
 o - 3 potions of restore abilities
 p - a potion of agility
 v - 2 potions of might
Books
 q - a book of Wizardry

   Spells                             Type                      Level
   Summon Elemental                   Summoning                    4
   Agony                              Necromancy                   5
   Force Lance                        Conjuration                  5
   Fireball                           Conjuration/Fire             5
   *Haste                             Charms                       6
   *Invisibility                      Hexes                        6
 B - a book of Minor Magic

   Spells                             Type                      Level
   Magic Dart                         Conjuration                  1
   *Blink                             Translocation                2
   Call Imp                           Summoning                    2
   Repel Missiles                     Charms/Air                   2
   Slow                               Hexes                        2
   Conjure Flame                      Conjuration/Fire             3
   Mephitic Cloud                     Conjuration/Poison/Air       3
 Q - a book of the Sky

   Spells                             Type                      Level
   *Flight                            Charms/Air                   3
   Airstrike                          Air                          4
   *Silence                           Hexes/Air                    5
   *Deflect Missiles                  Charms/Air                   6
   Conjure Ball Lightning             Conjuration/Air              6
   Tornado                            Air                          9
Magical staves
 K - an uncursed staff of summoning
Miscellaneous
 d - an ornate deck of defence {Battlelust}


   Skills:
 + Level 3.5 Fighting
 - Level 10.8(15.0) Short Blades
 - Level 0.7 Throwing
 - Level 11.0(13.7) Dodging
 + Level 23.8(25.8) Stealth
 - Level 13.9 Spellcasting
 - Level 23.9(27) Hexes
 - Level 9.0(13.3) Charms
 - Level 7.5(12.0) Transmutations
 * Level 8.5(12.9) Air Magic


You had 2 spell levels left.
You knew the following spells:

 Your Spells              Type           Power        Failure   Level  Hunger
a - Corona                Hex            #######      1%          1    None
b - Sure Blade            Hex/Chrm       ######....   1%          2    None
c - Confuse               Hex            #######.     1%          3    None
d - Ensorcelled Hibernat  Hex/Ice        ######       1%          2    None
e - Enslavement           Hex            #######.     1%          4    None
h - Haste                 Chrm           ######..     14%         6    #####..
i - Invisibility          Hex            #######.     1%          6    #####..
p - Passwall              Trmt/Erth      ####......   6%          3    None
q - Blink                 Tloc           N/A          28%         2    None
D - Deflect Missiles      Chrm/Air       ######....   14%         6    #####..
F - Flight                Chrm/Air       ######....   1%          3    None
S - Silence               Hex/Air        ######....   1%          5    ###....


Dungeon Overview and Level Annotations

Branches:
Dungeon (16/16)            Temple (1/1) D:5             Orc (2/4) D:9
   Lair (8/8) D:9           Swamp (5/5) Lair:6       Spider (0/5) Lair:5
  Slime (0/6) Lair:6       Vaults (3/5) D:15          Blade (0/1) Vaults:3
 Depths (0/6) D:16
  Crypt: Vaults:2-3  Forest: Vaults:2-3

Altars:
Ashenzari
Cheibriados
Elyvilon
Fedhas
Kikubaaqudgha
Makhleb
Nemelex Xobeh
Okawaru
Sif Muna
Trog
Vehumet
Xom
Yredelemnul
Zin
the Shining One
Beogh

Shops:
D:5 ![   D:6 :   D:13 [   Orc:1 [   Vaults:2 (

Portals:
Trove: D:14 (show slimy rune of Zot)

Annotations:
Lair:6 5 exclusions


Innate Abilities, Weirdness & Mutations

You do not heal naturally.
You can bottle blood from corpses.
((You have razor-sharp teeth.))*
You have supernaturally acute eyesight.
((You can survive without breathing.))*
(You are partially covered in rough black scales (AC +4, Dex -1).)*
You are frail (-10% HP).
((Your spells are a little harder to cast, but a little more powerful.))+


Message History

Okay, then.
Use which ability? (? or * to list)
You turn into a vampire bat.
Your cursed +3,+5 dagger of protection melds into your body.
You feel less protected.
Your cursed +0 cloak melds into your body.
The cursed +2 pair of gloves "Koschu Ghir" {rElec Stlth+} melds into your body.
Your cursed +0 pair of boots of stealth melds into your body.
You feel less stealthy.
Your cursed +0 buckler melds into your body.
Your cursed +1 robe melds into your body.
Your cursed +3 ring of intelligence melds into your body.
You feel stupid.
Your cursed +3 ring of evasion melds into your body.
You are being crushed by all of your possessions.
The hell hog spits sticky flame at you. The sticky flame hits you!
You are covered in liquid flames!
Your scroll of magic mapping catches fire!
You die...

,,≈ , *, {≈,..≈#≈≈..≈
≈, *, * ,, *{.≈≈≈
≈≈.≈≈≈≈. , , ,≈ *,
,*,♣♣♣.X≈ ≈≈≈≈♣ ≈≈. ,,≈
* * , ♣≈.≈≈≈≈≈≈.... * ,
≈ , * {,♣♣≈≈≈≈≈≈≈≈.. ≈≈
. *** ,≈,** , *
♣♣.≈≈≈≈3≈≈≈.≈.... * * {
** ♣♣♣.≈≈≈≈≈≈≈≈≈.♣♣*♣.≈
* , , { *
♣.≈≈≈≈≈≈≈≈...♣♣♣♣ ♣ ,*
, ♣♣≈≈b≈C.≈≈#.≈≈≈.≈♣..≈
*, ≈ ,
**,♣≈.h#§§..#X≈≈≈≈.♣..♣
* ,
,,*♣...≈≈.h≈...≈≈.♣#
*♣≈ , , , *{,
♣♣♣♣≈C..≈≈≈.≈♣♣* ≈≈ , ,
* , ♣♣♣♣♣≈≈.≈♣♣ *≈≈.♣ ,
*,*,*, , . ,*♣..♣♣♣*
#♣♣ ♣* , ≈, ≈ ,, **≈≈
≈≈#..* ≈≈≈≈≈≈ * ≈ *, *
**≈ ≈≈≈#≈≈.♣ * ♣≈≈≈,,
,≈ * ,** * , ≈≈, , ,.,.
♣,≈≈ ,


You could see 2 ettins, 2 hell hogs, 2 large abominations and a ynoxinul
(wandering).

Vanquished Creatures
  Mara (Swamp:4)
  3 sphinxes
  6 vault wardens
  Louise (Swamp:2)
  Gastronok (Lair:2)
  7 stone giants
  A deep elf demonologist (Vaults:2)
  A dire elephant (shapeshifter) (Vaults:1)
  Azrael (Vaults:1)
  7 yaktaur captains
  3 fire dragons
  6 ironheart preservers
  10 vault guards
  Harold (D:15)
  Josephine (D:12)
  2 ice dragons
  29 hydras
  2 dancing weapons (D:15)
  Erica (D:14)
  7 ogre magi
  2 deep troll shamans (Vaults:2)
  The ghost of M4edhros the Nimble, a powerful OpCK of Xom (D:11)
  A rakshasa (D:15)
  9 alligators
  4 very ugly things
  19 death yaks
  22 centaur warriors
  A hell knight (Vaults:3)
  3 fire crabs
  5 catoblepae
  A deep elf knight (Vaults:2)
  3 iron trolls
  A shadow wraith (Vaults:1)
  3 skeletal warriors (D:16)
  4 giant amoebae
  3 deep trolls
  12 swamp dragons
  A necromancer (Vaults:3)
  A harpy (shapeshifter) (Vaults:1)
  An unseen horror (D:10)
  A lindwurm (Lair:7)
  Joseph (D:7)
  2 oklob plants
  5 ironbrand convokers (Vaults:3)
  11 orc knights
  A sphinx zombie (Vaults:3)
  8 hill giants
  A flaming corpse (D:13)
  3 wolf spiders
  6 red wasps
  19 elephants
  8 cyclopes
  4 spiny worms
  4 griffons
  An octopode (shapeshifter) (Vaults:1)
  A frost giant skeleton (Vaults:3)
  Maurice (D:9)
  23 spiny frogs
  A stone golem (D:16)
  A stone giant skeleton (Vaults:3)
  4 vault sentinels
  20 yaktaurs
  Psyche (D:11)
  A black mamba (Lair:5)
  4 fire drakes
  A deep elf priest (Vaults:2)
  3 trolls
  12 baby alligators
  7 two-headed ogres
  8 komodo dragons
  A polar bear (Lair:8)
  2 jumping spiders (Lair:5)
  A komodo dragon (shapeshifter) (Vaults:1)
  8 giant leeches
  27 blink frogs
  2 burning bushes (D:13)
  Prince Ribbit (D:4)
  4 boulder beetles (Vaults:3)
  3 fire vortices (D:13)
  A hydra skeleton (D:11)
  68 slime creatures
  8 bog bodies
  An ettin zombie (Vaults:3)
  2 wraiths
  A trapdoor spider (D:13)
  4 shadows
  7 basilisks
  A fire dragon skeleton (D:15)
  4 sharks
  A vampire (D:16)
  A stone giant simulacrum (Vaults:3)
  71 ugly things
  A griffon skeleton (D:12)
  A deep elf fighter (Vaults:2)
  4 fire bats (D:13)
  A steam dragon (Lair:4)
  A deep elf mage (Vaults:2)
  6 wyverns
  4 fire elementals
  6 hippogriffs
  Grum (D:11)
  37 vampire mosquitoes
  40 yaks
  46 swamp worms
  2 hungry ghosts
  13 wolves
  Edmund (Orc:1)
  3 manticores
  An agate snail zombie (D:13)
  A mottled dragon (D:16)
  14 swamp drakes
  2 freezing wraiths
  A hell hound (Vaults:1)
  2 soldier ants
  6 porcupines
  A deep dwarf (D:8)
  28 orc warriors
  2 yellow wasps
  2 black bears
  3 giant goldfish
  6 sky beasts
  5 ice beasts
  A lava worm (D:9)
  24 centaurs
  25 ogres
  3 phantoms
  4 big kobolds
  Duvessa (D:9)
  2 wargs (Vaults:2)
  A komodo dragon zombie (D:12)
  13 crocodiles
  27 water moccasins
  11 giant slugs
  17 giant frogs
  13 agate snails
  2 manticore zombies
  A cyclops zombie (D:16)
  18 insubstantial wisps
  An eye of draining (D:15)
  28 killer bees
  A cyclops skeleton (D:11)
  A troll zombie (D:14)
  8 jellyfish
  12 electric eels
  2 hippogriff skeletons (D:11)
  A troll skeleton (D:7)
  6 wights
  6 goliath beetles
  14 crimson imps
  Dowan (D:9)
  8 hounds
  13 big fish
  A centaur skeleton (D:12)
  17 orc priests
  2 basilisk zombies
  5 jellies
  2 spiders (Lair:5)
  A water moccasin skeleton (D:10)
  24 orc wizards
  4 iguanas
  14 worker ants
  A quasit (D:10)
  A shapeshifter simulacrum (D:12)
  6 sheep
  5 scorpions
  5 orange rats (Lair:5)
  A mottled dragon zombie (D:12)
  A crocodile skeleton (D:13)
  A mummy (D:13)
  4 boggarts
  37 green rats
  2 worker ant zombies (D:6)
  5 giant centipedes
  6 gnolls
  30 adders
  5 giant mites
  2 worms
  2 giant eyeballs
  A giant centipede simulacrum (D:12)
  An ooze (D:2)
  119 orcs
  4 giant cockroaches
  20 hobgoblins
  22 jackals
  12 quokkas
  2 ball pythons
  26 bats
  8 giant geckos
  5 giant newts
  A giant spore (D:8)
  10 goblins
  A jackal skeleton (D:3)
  38 kobolds
  2 orc skeletons (D:5)
  31 rats
  7 ballistomycetes
  A fungus (Swamp:5)
  A plant (Lair:2)
1572 creatures vanquished.

Vanquished Creatures (collateral kills)
  Aizul (Swamp:5)
  A hydra (Swamp:5)
  An alligator (Swamp:5)
  An ogre mage (Vaults:1)
  An ironbrand convoker (Vaults:3)
  3 two-headed ogres (Vaults:1)
  4 slime creatures (Vaults:1)
  A swamp drake (Swamp:3)
  3 ogres (Vaults:1)
  An insubstantial wisp (Swamp:5)
  A killer bee (D:11)
  An adder (D:4)
  A giant spore (D:11)
20 creatures vanquished.

Vanquished Creatures (others)
  A slime creature (Vaults:1)
  An ugly thing (Vaults:3)
  A green rat (Lair:6)
  2 giant spores
  3 fungi
8 creatures vanquished.

Grand Total: 1600 creatures vanquished

Notes
Turn   | Place    | Note
--------------------------------------------------------------
     0 | D:1      | PolkaDot, the Vampire Enchanter, began the quest for the Orb.
     0 | D:1      | Reached XP level 1. HP: 13/13 MP: 3/3
   208 | D:1      | Reached XP level 2. HP: 7/19 MP: 4/4
   739 | D:2      | Reached skill level 5 in Hexes
   819 | D:2      | Reached XP level 3. HP: 15/25 MP: 6/6
  1482 | D:3      | Learned a level 3 spell: Confuse
  1514 | D:3      | Reached skill level 1 in Fighting
  1582 | D:3      | Reached XP level 4. HP: 24/32 MP: 7/7
  1647 | D:3      | Reached skill level 6 in Hexes
  2163 | D:4      | Noticed Prince Ribbit
  2177 | D:3      | Reached XP level 5. HP: 28/38 MP: 9/9
  2277 | D:4      | Identified the Papyrus of Battle Magic
  2354 | D:4      | Gained mutation: You are frail (-10% HP). [potion of mutation]
  2354 | D:4      | Gained mutation: You are partially covered in rough black scales (AC +4, Dex -1). [potion of mutation]
  2487 | D:4      | Reached skill level 5 in Stealth
  2556 | D:4      | Noticed a giant frog
  3099 | D:4      | Killed a giant frog
  3099 | D:4      | Reached skill level 7 in Hexes
  3099 | D:4      | Reached XP level 6. HP: 22/39 MP: 2/10
  3802 | D:4      | Noticed an ogre
  3816 | D:4      | Killed an ogre
  3816 | D:4      | Reached skill level 8 in Hexes
  4217 | D:4      | Reached skill level 9 in Hexes
  4217 | D:4      | Reached XP level 7. HP: 39/45 MP: 1/12
  4299 | D:4      | Learned a level 2 spell: Ensorcelled Hibernation
  4684 | D:5      | Entered Level 5 of the Dungeon
  4808 | D:5      | Found Ruebroe's Armour Boutique.
  4888 | D:5      | Reached skill level 10 in Hexes
  4934 | D:5      | Found Ghibber's Distillery.
  4943 | D:5      | Bought a potion of paralysis for 15 gold pieces
  4943 | D:5      | Bought a potion of restore abilities for 45 gold pieces
  4946 | D:5      | Found a staircase to the Ecumenical Temple.
  4963 | Temple   | Entered the Ecumenical Temple
  5071 | Temple   | Became a worshipper of Ashenzari the Shackled
  5124 | D:5      | Bought a cursed +0 pair of gloves for 33 gold pieces
  5257 | D:4      | Found a deep blue altar of Sif Muna.
  5257 | D:4      | Found a glowing golden altar of the Shining One.
  5260 | D:4      | Found a snail-covered altar of Cheibriados.
  5638 | D:5      | Found a shimmering altar of Xom.
  6090 | D:4      | Killed Prince Ribbit
  6090 | D:4      | Reached XP level 8. HP: 50/50 MP: 10/16
  6098 | D:4      | Learned a level 6 spell: Invisibility
  6485 | D:6      | Found Ghorph's Book Shoppe.
  6493 | D:6      | Somebody: Hi. I have found a hat of the High Council, at long last.
  6493 | D:6      | PolkaDot: :D
  6493 | D:6      | PolkaDot: it's a very nice hat
  6493 | D:6      | Somebody: How are you doing?
  6493 | D:6      | PolkaDot: quite well
  6493 | D:6      | Somebody: What is your plan for this character?
  6493 | D:6      | PolkaDot: not a bad start, and some nice spells to add to my list as I progress
  6493 | D:6      | PolkaDot: go stab crazy ;p
  6493 | D:6      | PolkaDot: if I can't stack the odds *siginificantly* in my favour in any given fight, flee
  6513 | D:6      | Reached skill level 11 in Hexes
  6551 | D:6      | Somebody: Any interesting mutations or items?
  6585 | D:6      | PolkaDot: Frail's less-than-ideal
  6585 | D:6      | PolkaDot: but an ok trade-off for +4 AC
  6585 | D:6      | PolkaDot: and there no interesting items whatsoever
  6670 | D:6      | Somebody: I've missed that. Can I see your 'A' again?
  6708 | D:6      | Somebody: Nice.
  6708 | D:6      | PolkaDot: mhmm
  7332 | D:7      | Noticed Joseph
  7341 | D:7      | Killed Joseph
  7341 | D:7      | Reached skill level 12 in Hexes
  7341 | D:7      | Reached XP level 9. HP: 43/54 MP: 12/18
  7347 | D:7      | Reached skill level 10 in Stealth
  7605 | D:7      | Paralysed by a giant eyeball for 4 turns
  7613 | D:7      | Paralysed by a giant eyeball for 2 turns
  7725 | D:7      | Reached skill level 13 in Hexes
  7759 | D:7      | Reached skill level 5 in Short Blades
  8655 | D:8      | Reached skill level 14 in Hexes
  9134 | D:8      | Reached XP level 10. HP: 60/60 MP: 19/19
  9856 | D:9      | Found a staircase to the Lair.
  9856 | D:9      | Noticed Maurice
  9867 | D:9      | Killed Maurice
 10083 | D:9      | Noticed Dowan
 10088 | D:9      | Found a staircase to the Orcish Mines.
 10088 | D:9      | Noticed Duvessa
 10093 | D:9      | Killed Dowan
 10107 | D:9      | Reached skill level 15 in Hexes
 10121 | D:9      | Killed Duvessa
 10509 | D:9      | Identified the +2 ring mail of the Nine Lives {+Blink rC+}
 10700 | Lair:1   | Entered Level 1 of the Lair of Beasts
 11122 | Lair:1   | Acquired Ashenzari's first power
 11505 | Lair:2   | Noticed an eight-headed hydra
 11778 | Lair:2   | Found a blossoming altar of Fedhas.
 11784 | Lair:2   | Noticed an oklob plant
 12052 | Lair:2   | Killed an oklob plant
 12100 | Lair:2   | Killed an eight-headed hydra
 12100 | Lair:2   | Reached skill level 16 in Hexes
 12171 | Lair:2   | Reached XP level 11. HP: 64/64 MP: 14/20
 12199 | Lair:2   | Noticed Gastronok
 12214 | Lair:2   | Killed Gastronok
 12433 | Lair:2   | Reached skill level 17 in Hexes
 13091 | Lair:2   | Learned a level 4 spell: Enslavement
 13887 | Lair:3   | Noticed a five-headed hydra
 13899 | Lair:3   | Killed a five-headed hydra
 13899 | Lair:3   | Reached skill level 5 in Dodging
 13899 | Lair:3   | Reached skill level 18 in Hexes
 14437 | Lair:4   | Reached XP level 12. HP: 70/70 MP: 15/21
 14450 | Lair:4   | Reached skill level 15 in Stealth
 14674 | Lair:4   | Reached skill level 19 in Hexes
 14713 | Lair:4   | Acquired Ashenzari's second power
 15896 | Lair:5   | Found a hole to the Spider Nest.
 15903 | Lair:5   | Reached skill level 20 in Hexes
 15950 | Lair:5   | Identified the +0,+6 hand axe "Uchuloap" {drain, rPois rN+ Int-1}
 16137 | Lair:5   | Upgraded the game from 0.14-a0-1570-g671a4b6 to 0.14-a0-1576-gf4c5cb9
 16788 | Lair:6   | Identified the cursed +2 pair of gloves "Koschu Ghir" {rElec Stlth+}
 16792 | Lair:6   | Noticed a four-headed hydra
 17032 | Lair:6   | Killed a four-headed hydra
 17122 | Lair:6   | Reached XP level 13. HP: 69/74 MP: 19/22
 17126 | Lair:6   | Learned a level 2 spell: Sure Blade
 17181 | Lair:6   | Acquired Ashenzari's third power
 17303 | Lair:6   | Found a staircase to the Slime Pits.
 17772 | Lair:6   | Found a staircase to the Swamp.
 18172 | Lair:7   | Reached skill level 1 in Charms
 18388 | Lair:7   | Reached skill level 21 in Hexes
 19793 | Lair:8   | Entered Level 8 of the Lair of Beasts
 20245 | Lair:8   | Reached skill level 5 in Charms
 20248 | Lair:8   | Reached XP level 14. HP: 81/81 MP: 18/23
 20295 | Lair:8   | Reached skill level 22 in Hexes
 20606 | Lair:8   | Reached skill level 10 in Dodging
 21323 | D:10     | Entered Level 10 of the Dungeon
 22249 | D:11     | Noticed Psyche
 22255 | D:11     | Killed Psyche
 22256 | D:11     | Noticed M4edhros' ghost (powerful OpCK)
 22414 | D:11     | Killed M4edhros' ghost
 22414 | D:11     | Reached skill level 23 in Hexes
 22775 | D:11     | Noticed Grum
 22783 | D:11     | Killed Grum
 22981 | D:11     | Acquired Ashenzari's fourth power
 23577 | D:12     | Noticed Josephine
 23583 | D:12     | Killed Josephine
 23791 | D:12     | Learned a level 3 spell: Passwall
 24132 | D:13     | Found Frirchai's Armour Emporium.
 24257 | D:13     | Bought a +0 pair of boots of stealth for 112 gold pieces
 24493 | D:13     | Reached XP level 15. HP: 85/85 MP: 13/25
 24594 | D:13     | Reached skill level 1 in Transmutations
 24788 | D:13     | Found a roughly hewn altar of Beogh.
 26027 | D:14     | Found a portal to a secret trove of treasure.
 26113 | D:14     | Noticed Erica
 26117 | D:14     | Killed Erica
 26419 | D:15     | Entered Level 15 of the Dungeon
 26419 | D:15     | Found a glowing golden altar of the Shining One.
 26479 | D:15     | Found a gate to the Vaults.
 26483 | D:15     | Identified the +9,+4 flail of Income {freeze, MR++}
 26562 | D:15     | Identified the cursed ring of the Middle {Str+3 Dex-2}
 26795 | D:15     | Reached skill level 5 in Transmutations
 26918 | D:15     | Noticed Harold
 26921 | D:15     | Killed Harold
 27724 | D:16     | Entered Level 16 of the Dungeon
 28655 | D:16     | Found a staircase to the Depths.
 29055 | Orc:1    | Entered Level 1 of the Orcish Mines
 29058 | Orc:1    | Noticed Edmund
 29068 | Orc:1    | Found Hederul's Armour Boutique.
 29139 | Orc:1    | Killed Edmund
 29182 | Orc:1    | Bought a +0 buckler for 39 gold pieces
 29492 | Orc:2    | Gained mutation: Your spells are a little harder to cast, but a little more powerful. [potion of beneficial mutation]
 29609 | D:6      | Bought a book of Minor Magic for 280 gold pieces
 29609 | D:6      | Bought a book of the Sky for 910 gold pieces
 29881 | Swamp:1  | Entered Level 1 of the Swamp
 30605 | Swamp:1  | Reached skill level 5 in Spellcasting
 30615 | Swamp:1  | Learned a level 3 spell: Flight
 30618 | Swamp:1  | Reached XP level 16. HP: 90/90 MP: 20/27
 31010 | Swamp:2  | Noticed Louise
 31019 | Swamp:2  | Killed Louise
 31126 | Swamp:2  | Learned a level 2 spell: Blink
 32159 | Swamp:3  | Identified the +8,+0 short sword of Amorality {speed, rC+ Str+2}
 32214 | Swamp:3  | Identified the +6,+2 short sword of Luuh {vamp, MR+ Int+3}
 33389 | Swamp:4  | Noticed Mara
 33396 | Swamp:4  | Killed Mara
 33665 | Swamp:4  | Noticed a tentacled monstrosity
 34078 | Lair:6   | Learned a level 5 spell: Silence
 34188 | Swamp:5  | Entered Level 5 of the Swamp
 34194 | Swamp:5  | Reached skill level 10 in Short Blades
 34562 | Swamp:5  | Noticed Aizul
 35153 | Lair:1   | PolkaDot: shopping, bbl D;
 35153 | Lair:1   | PolkaDot: \o
 35572 | Lair:1   | PolkaDot: 'sup :)
 35572 | Lair:1   | Somebody: Hi.
 35681 | Lair:5   | Somebody: Let's exchange character dumps, shall we? :)
 35735 | Swamp:1  | PolkaDot: sure
 35785 | Swamp:4  | PolkaDot: let me get to S:4 first :)
 35785 | Swamp:4  | PolkaDot: boom!
 35785 | Swamp:4  | Somebody: What is that in your 'A' again?
 35785 | Swamp:4  | Somebody: "Wild Magic 0".
 35785 | Swamp:4  | PolkaDot: benemut :)
 35785 | Swamp:4  | PolkaDot: am I reading this right?
 35785 | Swamp:4  | PolkaDot: like, the majority of your skills at 27? :s
 35785 | Swamp:4  | PolkaDot: because that's mind boggling
 35785 | Swamp:4  | PolkaDot: and I *have* to be reading it wrong xD
 35785 | Swamp:4  | Somebody: He-he.
 35785 | Swamp:4  | Somebody: No, you are not.
 35785 | Swamp:4  | PolkaDot: also
 35785 | Swamp:4  | Somebody: I have cleared 12 Ziggurats, after all.
 35785 | Swamp:4  | PolkaDot: ALL the storm spells!
 35785 | Swamp:4  | Somebody: ...I have amnesiated Shatter, though. Too loud an mana-inefficient for my taste.
 35785 | Swamp:4  | PolkaDot: Doesn't hit nearly as many foes as he storms, ;p
 35785 | Swamp:4  | PolkaDot: the*
 35785 | Swamp:4  | Somebody: I might have to amnesiate Ice Storm and get Bolt of Cold — in order to unlock training Hexes, Summonings and Poison Magic.
 35785 | Swamp:4  | Somebody: I have been with Kikubaaqudgha, Vehumet, Cheibriados, Ahenzari and Xom.
 35785 | Swamp:4  | PolkaDot: that's a lot of wrath
 35785 | Swamp:4  | PolkaDot: and at thta level, Ashenzari's is particularly nasty
 35785 | Swamp:4  | PolkaDot: two XL worth of skill loss until you earn it back
 35785 | Swamp:4  | Somebody: He already forgave me. ;)
 35785 | Swamp:4  | PolkaDot: I can see that :p
 35785 | Swamp:4  | PolkaDot: but, at this point, I guess it doesn't really matter who you go with
 35785 | Swamp:4  | PolkaDot: you have the power to kill just about anything xP
 35785 | Swamp:4  | Somebody: My fauvorite god is definitely Cheirbiados, though.
 35785 | Swamp:4  | PolkaDot: oh?
 35785 | Swamp:5  | PolkaDot: how come? :)
 35785 | Swamp:5  | Somebody: I can cast all the spells I want, at maximum power, while wearing CPA with Wild Magic *and* hat of the High Council. :p
 35807 | Swamp:4  | Somebody: ...decent success rates, too.
 35809 | Swamp:5  | PolkaDot: :o
 35809 | Swamp:5  | PolkaDot: Very nice indeed
 35833 | Swamp:5  | Somebody: I need a bit more nice mutations, though.
 35841 | Swamp:5  | Somebody: ...then I'll reconcile with the Chei.
 35841 | Swamp:5  | PolkaDot: xD
 35857 | Swamp:5  | Somebody: Very nice, being a hexer.
 35858 | Swamp:5  | PolkaDot: quite
 35858 | Swamp:5  | PolkaDot: don't think it'll be enough though
 35858 | Swamp:5  | PolkaDot: Aizul's a tough cookie
 35858 | Swamp:5  | PolkaDot: prefer him on Shoals
 35858 | Swamp:5  | PolkaDot: where I can lure him into a corner, wait for the tide to go out and confuse him at my leisure ;D
 35859 | Swamp:5  | Somebody: Charm a few hydrae, then come back?
 35860 | Swamp:5  | Somebody: Don't be that ghost, please.
 35872 | Swamp:5  | PolkaDot: He's almost dead
 35872 | Swamp:5  | PolkaDot: then I flee
 35873 | Swamp:5  | Somebody: :p
 35873 | Swamp:5  | Killed Aizul
 35874 | Swamp:5  | PolkaDot: Seee
 35874 | Swamp:5  | PolkaDot: easy peasy
 35874 | Swamp:5  | PolkaDot: was gonna ninja the rune, but that was too good an opportunity to pass up
 35893 | Swamp:4  | Somebody: "Easy-peasy, morgue-file-generating squeezee."
 35893 | Swamp:4  | Somebody: Xom must be rubbing on me.
 35893 | Swamp:4  | Somebody: *growing on me.
 35893 | Swamp:4  | PolkaDot: Baahhh
 35893 | Swamp:4  | PolkaDot: Burned through one of HW wands
 35893 | Swamp:4  | PolkaDot: but Aizul is dead:p
 36158 | Swamp:5  | Somebody: Looks like it's the LH ending.
 36167 | Swamp:5  | PolkaDot: I thought that
 36167 | Swamp:5  | PolkaDot: but haven't seen it
 36183 | Swamp:5  | Got a decaying rune of Zot
 36195 | Swamp:5  | Somebody: It may be not it, but then again, I think it may be patrolling near the rune.
 36196 | Swamp:5  | Somebody: You should sense it before stumbling into it, though.
 36196 | Swamp:5  | PolkaDot: I don't think so
 36196 | Swamp:5  | PolkaDot: Haven't sensed it even
 36196 | Swamp:5  | PolkaDot: and it'll have an angry face
 36196 | Swamp:5  | PolkaDot: becase Lernaean ^^;
 36215 | Swamp:5  | Reached XP level 17. HP: 95/95 MP: 16/33
 36238 | Swamp:5  | Somebody: Then you may be fine.
 36238 | Swamp:5  | PolkaDot: :)
 36303 | Swamp:5  | Somebody: Did I tell you that my current character have drowned this Cerebov person? ...in lava, via Tornado.
 36361 | Swamp:5  | PolkaDot: I saw it, even :P
 36374 | Swamp:5  | PolkaDot: GRARGH
 36374 | Swamp:5  | PolkaDot: second time today
 36374 | Swamp:5  | PolkaDot: for crying out loud >.<
 36573 | Swamp:5  | PolkaDot: yep, no Lernaean :)
 36755 | Lair:6   | Somebody: What happened, did you drop something into the depp water?
 36755 | Lair:6   | PolkaDot: ??
 36858 | Lair:1   | PolkaDot: I have no idea what you're talking about xP
 36884 | Lair:1   | Somebody: That "GRARGH.
 36885 | Lair:1   | PolkaDot: typo
 36885 | Lair:1   | PolkaDot: I hit silence instead of EH
 36885 | Lair:1   | PolkaDot: stupid mistake
 36885 | Lair:1   | PolkaDot: and the first time was nearly fatal
 36885 | Lair:1   | PolkaDot: as in, I had to flee upstair before a hydra munched my face
 36885 | Lair:1   | PolkaDot: which it did anyways, because I had to take in the nearest staircase in case Aizul appeared >><
 36885 | Lair:1   | PolkaDot: Now, I have to do food before choosing where to go next :)
 36885 | Lair:1   | Somebody: Make it's spell slot an uppercase letter?
 36885 | Lair:1   | PolkaDot: ...
 36885 | Lair:1   | PolkaDot: BEST IDEA
 36885 | Lair:1   | PolkaDot: (and I am so stupid)
 37162 | Vaults:1 | Entered Level 1 of the Vaults
 37179 | Vaults:1 | Identified the ring "Kiujizock" {Wiz rPois Dam-3}
 37348 | Vaults:1 | Noticed Azrael
 37364 | Vaults:1 | Killed Azrael
 37394 | Vaults:1 | Reached skill level 10 in Spellcasting
 37515 | Vaults:1 | Reached skill level 1 in Air Magic
 38904 | Vaults:1 | Learned a level 6 spell: Haste
 41145 | Vaults:2 | Somebody: :)
 41145 | Vaults:2 | Somebody: Take care, I'll go back to my character.
 41145 | Vaults:2 | PolkaDot: 'lay
 41145 | Vaults:2 | PolkaDot: enjoy o/
 41362 | Vaults:2 | Reached skill level 5 in Air Magic
 41467 | Vaults:2 | Found Xeromiel's Antique Weapon Shop.
 41475 | Vaults:2 | Bought a glowing dagger for 78 gold pieces
 42028 | Vaults:2 | Reached XP level 18. HP: 100/100 MP: 36/36
 43652 | Vaults:3 | Identified the +8,+3 short sword of Macwis {slice, Contam rC+ Dex-2 SInv}
 43652 | Vaults:3 | Found a staircase to the Hall of Blades.
 44370 | Vaults:3 | Identified the +8,+5 sling of Dissolution {frost, Stlth--}
 44982 | Vaults:3 | Learned a level 6 spell: Deflect Missiles
 46692 | Vaults:3 | Reached XP level 19. HP: 93/108 MP: 31/38
 46694 | Vaults:3 | Cast into the Abyss (ogre mage)
 46849 | Abyss:1  | Killed from afar by a hell hog

Action                   |  1- 3 |  4- 6 |  7- 9 | 10-12 | 13-15 | 16-18 | 19-21 || total
-------------------------+-------+-------+-------+-------+-------+-------+-------++-------
Melee: Dagger            |    31 |   207 |   300 |   580 |   979 |   914 |       ||  3011
       Spear             |   115 |   110 |       |       |       |       |       ||   225
       Unarmed           |       |     1 |       |       |       |       |       ||     1
Throw: Dart              |       |       |     1 |       |       |       |       ||     1
       Throwing net      |       |       |       |     2 |     3 |       |       ||     5
 Cast: Corona            |     3 |     1 |     2 |     1 |     5 |     5 |       ||    17
       Confuse           |       |    33 |    10 |     8 |    27 |    49 |       ||   127
       Ensorcelled Hiber |       |       |   117 |   129 |   176 |   285 |       ||   707
       Invisibility      |       |       |     3 |    17 |    45 |    50 |       ||   115
       Enslavement       |       |       |       |       |     3 |    35 |       ||    38
       Passwall          |       |       |       |       |     2 |       |       ||     2
       Sure Blade        |       |       |       |       |     9 |    42 |       ||    51
       Flight            |       |       |       |       |     1 |    51 |     2 ||    54
       Silence           |       |       |       |       |       |     7 |       ||     7
       Blink             |       |       |       |       |       |     1 |       ||     1
       Haste             |       |       |       |       |       |     1 |       ||     1
       Deflect Missiles  |       |       |       |       |       |     5 |       ||     5
 Abil: Bat Form          |       |     3 |     1 |     1 |       |     4 |     1 ||    10
       End Transformatio |       |     3 |     1 |     1 |       |     4 |       ||     9
Evoke: Wand              |       |       |     1 |     6 |     3 |    12 |     1 ||    23
  Use: Potion            |     1 |     5 |       |     6 |     1 |     5 |     1 ||    19
       Scroll            |       |     5 |    17 |    16 |    17 |    11 |       ||    66
 Stab: Sleeping          |     7 |     6 |    95 |   187 |   442 |   418 |       ||  1155
       Distracted        |       |     2 |     2 |     4 |     6 |     8 |       ||    22
       Confused          |       |    12 |     5 |     3 |    19 |    20 |       ||    59
       Invisible         |       |       |     2 |    29 |    83 |    91 |       ||   205
